 Dungeon Crawl Stone Soup version 0.23-a0-650-ga4d50d4 (webtiles) character file.

279 Borgoz the Sneak (level 6, -5/37 HPs)
             Began as a Kobold Assassin on Jan 2, 2019.
             Killed by divine providence
             ... invoked by an orc priest
              (11 damage)
             ... on level 3 of the Dungeon.
             The game lasted 00:11:22 (4537 turns).

Borgoz the Sneak (Kobold Assassin)                  Turns: 4537, Time: 00:11:22

Health: -5/37      AC:  6    Str:  9    XL:     6   Next: 52%
Magic:  6/6        EV: 15    Int: 12    God:
Gold:   253        SH:  0    Dex: 18    Spells: 5/5 levels left

rFire    . . .     SeeInvis .   a - +2 dagger
rCold    . . .     Gourm    .   (shield restricted)
rNeg     . . .     Faith    .   i - +2 leather armour {MR+}
rPois    .         Spirit   .   (no helmet)
rElec    .         Reflect  .   d - +0 cloak
rCorr    +         Harm     .   (no gloves)
MR       +....                  (no boots)
Stlth    +++.......             (no amulet)
HPRegen  0.12/turn              u - ring of resist corrosion
MPRegen  0.10/turn              (no ring)

@: no status effects
A: small, carnivore
a: no special abilities


You were on level 3 of the Dungeon.
You were very full.

You visited 1 branch of the dungeon, and saw 3 of its levels.

You collected 253 gold pieces.

Inventory:

Hand Weapons
 a - a +2 dagger (weapon)
 b - a +0 blowgun
 k - a +1 dagger of protection
Missiles
 e - 30 poisoned needles
 f - 6 curare-tipped needles
Armour
 c - a +0 robe
 d - a +0 cloak (worn)
 i - a +2 leather armour of magic resistance (worn)
Jewellery
 u - a ring of resist corrosion (left hand)
Wands
 s - a wand of digging (2)
Scrolls
 j - a scroll of teleportation {unknown}
 l - 2 scrolls of magic mapping {unknown}
 o - a scroll of enchant armour {unknown}
 q - 2 scrolls of remove curse {unknown}
 v - a scroll of immolation {unknown}
Potions
 h - 2 potions of might {unknown}
 m - a potion of berserk rage {unknown}
 n - a potion of flight {unknown}
 p - a potion of resistance {unknown}
 r - a potion of magic {unknown}
 t - a potion of brilliance {unknown}
Comestibles
 g - 5 rations


   Skills:
 + Level 3.4 Fighting
 + Level 4.1 Short Blades
 + Level 3.3 Throwing
 + Level 1.7 Armour
 + Level 3.2 Dodging
 + Level 6.4 Stealth


You had 5 spell levels left.
You didn't know any spells.
Your spell library was empty.

Dungeon Overview and Level Annotations

Branches:
Dungeon (3/15)

Altars:
Trog


Innate Abilities, Weirdness & Mutations

You are small and have problems with some larger weapons.
You are carnivorous and can eat meat at any time.


Message History

You hit the orc but do no damage.
The orc is heavily wounded.
The orc hits you but does no damage.
You hit the orc.
The orc is severely wounded.
You hit the orc but do no damage.
The orc is severely wounded.
The orc closely misses you.
You barely miss the orc.
The orc is severely wounded.
The orc closely misses you.
You hit the orc but do no damage.
The orc is severely wounded.
The orc priest calls down the wrath of Beogh upon you.
Beogh smites you!
* * * LOW HITPOINT WARNING * * *
Okay, then.
The orc priest calls down the wrath of Beogh upon you.
Beogh smites you!
You die...

........#.(........#
#.#
........#........#.#
#.#
#########.......<#.#
#.# #........###.#.#
#.# #.....(..#
#.#.########.##
#..<..(..#
#.#.#.........#
#........#
#.#.#.#########
#........###.#.#.#
#####.......o..#@#.#.#
.............#o#o#.#.#
............>#.#o#.#.#
.###.####.#....o.....#
...#.#.##.#....#.#.###
.#...#.......#.#.....#
.#####.##.##.#.....#.#
.##..........#.#.#.#.#
.##.####..#..#.#.#.#.#


You could see an orc priest and 2 orcs.

Vanquished Creatures
  An orc priest (D:3)
  An orc wizard (D:2)
  Jessica (D:3)
  Ijyb (D:3)
  Robin (D:1)
  5 adders
  2 worms (D:2)
  7 dart slugs
  3 leopard geckos
  2 orcs (D:3)
  3 ball pythons
  7 bats
  6 giant cockroaches
  18 goblins
  11 hobgoblins
  3 jackals (D:3)
  5 kobolds
  8 frilled lizards
  8 rats
  A plant (D:1)
94 creatures vanquished.

Notes
Turn   | Place    | Note
-------+----------+-------------------------------------------
     0 | D:1      | Borgoz the Kobold Assassin began the quest for the Orb.
     0 | D:1      | Reached XP level 1. HP: 12/12 MP: 1/1
   248 | D:1      | Reached XP level 2. HP: 17/17 MP: 2/2
   484 | D:1      | Reached XP level 3. HP: 22/22 MP: 3/3
  1228 | D:2      | Reached XP level 4. HP: 26/27 MP: 4/4
  1259 | D:2      | Reached skill level 1 in Armour
  1328 | D:2      | Noticed Robin
  2230 | D:1      | Killed Robin
  2465 | D:2      | Reached XP level 5. HP: 31/31 MP: 5/5
  2585 | D:2      | Reached skill level 6 in Stealth
  2699 | D:2      | Found a bloodstained altar of Trog.
  3067 | D:3      | Noticed Jessica
  3068 | D:3      | Noticed Ijyb
  3098 | D:3      | Killed Jessica
  3157 | D:3      | Reached XP level 6. HP: 36/37 MP: 6/6
  3169 | D:3      | Killed Ijyb
  4537 | D:3      | Killed from afar by an orc priest

Vault maps used:
D:1:      psy_arrival_statuary, minmay_door_square, minmay_shallow_snake_nest
D:2:      lemuel_doored_altar, first_ration, uniq_robin
D:3:      minmay_misc_feat_plants, uniq_jessica, uniq_ijyb

Skill      XL: |  1  2  3  4  5  6 |
---------------+-------------------+-----
Short Blades   | 3 4 |  4.1
Dodging        | 2 3 |  3.2
Armour         | 1 |  1.7
Throwing       | 3 |  3.3
Stealth        | 6 |  6.4
Fighting       | 3 |  3.4

Action                   |  1- 3 |  4- 6 || total
-------------------------+-------+-------++-------
Melee: Dagger            |   175 |   279 ||   454
 Fire: Blowgun           |       |    29 ||    29
 Stab: Sleeping          |     8 |     2 ||    10
       Distracted        |     1 |     1 ||     2
  Eat: Chunk             |    10 |     8 ||    18
Armor: Robe              |    22 |    29 ||    51
       Leather armour    |       |    15 ||    15
Dodge: Dodged            |    66 |   233 ||   299

Table legend:
 A = Non-vault XP
 B = Vault XP
 C = Vault XP percentage of total XP
 D = Non-vault monster count
 E = Vault monster count
 F = Vault count percentage of total count
                 A         B        C        D         E       F
            +---------+---------+-------+---------+---------+-------
      Total |     285 |     114 |  28.6 |      76 |      16 |  17.4
            +---------+---------+-------+---------+---------+-------
        D:1 |      51 |      35 |  40.7 |      27 |      11 |  28.9
        D:2 |     126 |       6 |   4.5 |      27 |       3 |  10.0
        D:3 |     108 |      73 |  40.3 |      22 |       2 |   8.3
            +---------+---------+-------+---------+---------+-------
